 Dungeon Crawl Stone Soup version 0.30.1-11-g7821555f0a (webtiles) character file.

Game seed: 11371885687734964049

168 bnorton916 the Magician (level 5, -1/28 HPs)
             Began as a Deep Elf Fire Elementalist on Nov 21, 2023.
             Was an Initiate of Gozag.
             Slain by a gnoll
             ... wielding a +0 whip
              (4 damage)
             ... on level 3 of the Dungeon.
             The game lasted 00:05:05 (3652 turns).

bnorton916 the Magician (DEFE)                      Turns: 3652, Time: 00:05:06

Health: -1/28      AC:  2    Str:  5    XL:     5   Next: 23%
Magic:  6/14       EV: 12    Int: 22    God:    Gozag
Gold:   186        SH:  0    Dex: 15    Spells: 7/13 levels left

rFire   . . .        (no weapon)
rCold   . . .        (no shield)
rNeg    . . .        a - +0 robe
rPois   .            (no helmet)
rElec   .            (no cloak)
rCorr   .            (no gloves)
SInv    .            (no boots)
Will    .....        (no amulet)
Stlth   ++           (no ring)
HPRegen 0.24/turn    (no ring)
MPRegen 0.14/turn

%: no passive effects
@: gold aura
A: no striking features
a: Renounce Religion, Potion Petition, Call Merchant, Bribe Branch


You were on level 3 of the Dungeon.
You worshipped Gozag.
Gozag was aware of your devotion.
You visited 1 branch of the dungeon, and saw 3 of its levels.

You collected 232 gold pieces.
You paid 46 gold pieces to Gozag.

Inventory:

Missiles
 i - a throwing net
Armour
 a - a +0 robe (worn)
 l - a +0 buckler
Scrolls
 d - a scroll of enchant weapon {unknown}
 e - a scroll of enchant armour {unknown}
 f - 3 scrolls of teleportation {unknown}
 h - 2 scrolls of identify {unknown}
 j - a scroll of noise {unknown}
 k - a scroll of torment {unknown}
Potions
 b - a potion of magic
 c - 2 potions of curing {unknown}
 g - a potion of haste {unknown}


   Skills:
 - Level 2.4 Dodging
 - Level 2.4 Stealth
 + Level 4.8 Spellcasting
 + Level 3.3 Conjurations
 + Level 4.6 Fire Magic


You had 7 spell levels left.
You knew the following spells:

 Your Spells              Type           Power      Damage    Failure   Level
a - Foxfire               Conj/Fire      88%        2x1d8     1%          1
b - Scorch                Fire           50%        2d7       2%          2
c - Volatile Blastmotes   Fire/Tloc      30%        2d12      12%         3

Your spell library contained the following spells:

 Spells                   Type           Power      Damage    Failure   Level
 Inner Flame              Hex/Fire       15%        N/A       12%         3
 Flame Wave               Conj/Fire      22%        2d8       21%         4


Dungeon Overview and Level Annotations

Branches:
Dungeon (3/15)

Altars:
Fedhas
Gozag

Annotations:
D:2 1 runed translucent door, Crazy Yiuf


Message History

The foxfire hits the gnoll.
The gnoll is moderately wounded.
Casting: Foxfire (safe; 1% risk of failure)
Confirm with . or Enter, or press ? or * to list all spells.
You conjure some foxfire!
The gnoll misses you. The gnoll hits you with a +0 whip!
The foxfire hits the gnoll.
The gnoll is moderately wounded.
The foxfire hits the gnoll but does no damage.
The gnoll is moderately wounded.
The gnoll barely misses you. The gnoll misses you.
Casting: Foxfire (safe; 1% risk of failure)
Confirm with . or Enter, or press ? or * to list all spells.
You conjure some foxfire!
The gnoll closely misses you. x2
The foxfire hits the gnoll but does no damage.
The gnoll is moderately wounded.
The foxfire hits the gnoll.
The gnoll is heavily wounded.
The gnoll barely misses you. The gnoll hits you with a +0 whip.
Casting: Foxfire (safe; 1% risk of failure)
Confirm with . or Enter, or press ? or * to list all spells.
You conjure some foxfire!
The gnoll hits you from afar with a +0 spear.
The gnoll hits you with a +0 whip.
The foxfire hits the gnoll.
The gnoll is severely wounded.
The foxfire hits the gnoll.
The gnoll is almost dead.
The gnoll hits you from afar with a +0 spear.
The gnoll hits you with a +0 whip.
* * * LOW HITPOINT WARNING * * *
Casting: Foxfire (safe; 1% risk of failure)
Confirm with . or Enter, or press ? or * to list all spells.
Flames lash the gnoll.
You kill the gnoll!
The gnoll hits you with a +0 whip.
* * * LOW HITPOINT WARNING * * *
The gnoll hits you with a +0 whip.
You die...
Your body crumbles into a pile of gold.

##.##......#
#########
.....##>##.#.
#......[# #.##
...#.#...... ./
........)..###.
..###.#........###
#.........~.$.>..#
###......~~~~.#g.#
.....~~.~..$.@#
....~.....##.#
.... ... #.# ... .
#.# ##.# #..# #.##
##### #.# ..).#
#.#


You could see a gnoll.

Vanquished Creatures
  5 adders
  3 gnolls (D:3)
  A worm (D:2)
  A dart slug (D:3)
  4 ball pythons
  9 bats
  5 endoplasms
  4 giant cockroaches
  2 goblins
  9 hobgoblins
  8 jackals
  11 kobolds
  6 quokkas
  7 frilled lizards
  12 rats
87 creatures vanquished.

Vanquished Creatures (collateral kills)
  5 foxfires (D:3)
5 creatures vanquished.

Vanquished Creatures (others)
  296 foxfires
296 creatures vanquished.

Grand Total: 388 creatures vanquished

Notes
Turn   | Place    | Note
-------+----------+-------------------------------------------
     0 | D:1      | bnorton916 the Deep Elf Fire Elementalist began the quest
                  | for the Orb.
     0 | D:1      | Reached XP level 1. HP: 10/10 MP: 6/6
    81 | D:1      | Reached XP level 2. HP: 7/15 MP: 2/8
   687 | D:1      | Reached XP level 3. HP: 19/19 MP: 8/10
  1274 | D:2      | Found a blossoming altar of Fedhas.
  1292 | D:2      | Found Zipliado's Magic Scroll Shoppe.
  1911 | D:2      | Found a runed translucent door.
  1915 | D:2      | Learned a level 2 spell: Scorch
  1915 | D:2      | Noticed Crazy Yiuf
  1998 | D:2      | Reached XP level 4. HP: 24/24 MP: 9/12
  3094 | D:3      | Found an opulent altar of Gozag.
  3107 | D:3      | Became a worshipper of Gozag Ym Sagoz the Greedy
  3459 | D:3      | Reached XP level 5. HP: 28/28 MP: 7/14
  3556 | D:3      | Learned a level 3 spell: Volatile Blastmotes
  3652 | D:3      | Slain by a gnoll

Illustrated notes

Levels and vault maps discovered:
D:1:      dpeg_arrival_short_road, layout_rooms
D:2:      layout_loops_ring, basic_altar, serial_shops, shop,
          grunt_decor_arrowhead, minmay_indecisive_spiral,
          uniq_crazy_yiuf_cottage
D:3:      layout_loops_cross, nicolae_gozag_cash_rules_everything_around_me,
          dk_vineyard_3, lexackson_kobold_supper

Skill      XL: |  1  2  3  4 |
---------------+-------------+-----
Conjurations   | 2 3 |  3.3
Spellcasting   | 4 |  4.8
Fire Magic     | 4 |  4.6
Dodging        | |  2.4
Stealth        | |  2.4

Action                     |  1- 3 |  4- 6 || total
---------------------------+-------+-------++-------
   Cast: Foxfire           |   109 |    76 ||   185
         Scorch            |       |     6 ||     6
         Volatile Blastmot |       |     1 ||     1
 Armour: Robe              |    19 |     3 ||    22
  Dodge: Dodged            |    49 |    14 ||    63
